 Dungeon Crawl Stone Soup version 0.24-a0-584-g9d6b971ae4 (webtiles) character file.

Game seed: 4370232331125584126, levelgen mode: deterministic

203 jjplay175 the Cudgeler (level 5, -1/47 HPs)
             Began as a Minotaur Berserker on Aug 29, 2019.
             Was a Believer of Trog.
             Killed from afar by Blork the orc (8 damage)
             ... with a puff of flame
             ... on level 3 of the Dungeon.
             The game lasted 00:33:59 (2289 turns).

jjplay175 the Cudgeler (Minotaur Berserker)         Turns: 2289, Time: 00:33:59

Health: -1/47      AC:  5    Str: 23    XL:     5   Next: 51%
Magic:  4/4        EV:  7    Int:  4    God:    Trog [**....]
Gold:   106        SH: 12    Dex:  9    Spells: 4/4 levels left

rFire    . . .     SeeInvis .   d - +0 mace
rCold    . . .     Gourm    .   f - +0 large shield
rNeg     . . .     Faith    .   l - +0 ring mail
rPois    .         Spirit   .   (helmet restricted)
rElec    .         Reflect  .   (no cloak)
rCorr    .         Harm     .   (no gloves)
MR       .....                  (no boots)
Stlth    ..........             (no amulet)
HPRegen  0.15/turn              (no ring)
MPRegen  0.09/turn              (no ring)

@: berserk cooldown, flying, slowed, very slow
A: retaliatory headbutt, horns 2
a: Berserk, Trog's Hand, Renounce Religion


You were on level 3 of the Dungeon.
You worshipped Trog.
Trog was pleased with you.
You were near starving.

You visited 1 branch of the dungeon, and saw 3 of its levels.

You collected 106 gold pieces.

Inventory:

Hand Weapons
 d - a +0 mace (weapon)
Missiles
 e - 44 stones (quivered)
 i - 2 throwing nets
Armour
 b - a +0 animal skin
 f - a +0 large shield (worn)
 l - a +0 ring mail (worn)
Jewellery
 a - a cursed ring of teleportation {unknown}
Scrolls
 k - a scroll of teleportation
 o - a scroll of fear {unknown}
 s - a scroll of identify
Potions
 g - 2 potions of lignification
 h - a potion of brilliance {unknown}
 j - 2 potions of flight
 m - a potion of curing {unknown}
 p - a potion of berserk rage {unknown}
 q - a potion of magic {unknown}
Comestibles
 c - 6 rations
 r - 5 chunks of flesh


   Skills:
 + Level 4.4 Fighting
 * Level 5.3 Maces & Flails
 + Level 1.8 Throwing
 + Level 3.6 Armour
 + Level 3.2 Dodging
 + Level 0.1 Shields


You had 4 spell levels left.
You didn't know any spells.
Your spell library was empty.

Dungeon Overview and Level Annotations

Branches:
Dungeon (3/15)

Altars:
Cheibriados
Dithmenos
Hepliaklqana

Annotations:
D:3 Blork the orc


Innate Abilities, Weirdness & Mutations

You reflexively headbutt those who attack you in melee.
You have a pair of horns on your head.


Message History

You are near starving!
You feel a strong urge to attack something.
Blork the orc gestures wildly while chanting.
Blork the orc flickers and vanishes!
Deactivating autopickup; reactivate with Ctrl-A.
Sorry, I don't know how to traverse that place.
You feel your anger nearly subside. Something hits you.
You are no longer berserk.
You are exhausted.
You feel yourself slow down.
You miss something. Something hits you!
* * * LOW HITPOINT WARNING * * *
Something hits you.
* * * LOW HITPOINT WARNING * * *
Some of the chunks of flesh in your inventory have rotted away.
Something hits you but does no damage.
A puff of flame appears from out of thin air!
The puff of flame hits you!
You die...

..######... ####
#.......... ###...###
######.... ##.......##
#.... #.........## #....
....≈≈≈....# #....
...≈≈≈≈≈...#### #..÷.
..≈≈(((≈≈.....#########...
..≈≈(>{§§@...........#....
..≈≈...≈≈.....#......#...)
...≈≈≈≈≈...#####.....#....
....≈≈≈....#.........#....
#.........######...(......
##.......## #.....##...
###...### #.....###.. ####
#.....# ### #######


There were no monsters in sight!

Vanquished Creatures
  Jessica (D:2)
  Natasha (thrice) (D:2)
  4 gnolls (D:2)
  An adder (D:3)
  An ooze (D:1)
  A dart slug (D:2)
  3 leopard geckos
  An orc (D:3)
  2 ball pythons (D:3)
  2 giant cockroaches
  5 goblins (D:1)
  A hobgoblin (D:1)
  4 jackals (D:1)
  2 quokkas
  8 bats
  3 frilled lizards
  A kobold (D:3)
  5 rats
48 creatures vanquished.

Notes
Turn   | Place    | Note
-------+----------+-------------------------------------------
     0 | D:1      | jjplay175 the Minotaur Berserker began the quest for the
                  | Orb.
     0 | D:1      | Reached XP level 1. HP: 19/19 MP: 0/0
   114 | D:1      | Reached XP level 2. HP: 24/27 MP: 1/1
   194 | D:1      | Reached skill level 4 in Maces & Flails
   676 | D:1      | Reached XP level 3. HP: 33/33 MP: 2/2
  1378 | D:2      | Noticed Natasha
  1385 | D:2      | Killed Natasha
  1385 | D:2      | Reached ** piety under Trog
  1385 | D:2      | Reached skill level 1 in Throwing
  1418 | D:2      | Reached XP level 4. HP: 25/40 MP: 3/3
  1721 | D:2      | Noticed Natasha
  1731 | D:2      | Killed Natasha
  1731 | D:2      | Reached skill level 5 in Maces & Flails
  1878 | D:2      | Noticed Natasha
  1887 | D:2      | Killed Natasha
  1887 | D:2      | Reached XP level 5. HP: 35/47 MP: 4/4
  1966 | D:2      | Found a snail-covered altar of Cheibriados.
  1969 | D:2      | Noticed Jessica
  1971 | D:2      | Killed Jessica
  2023 | D:3      | Found a hazy altar of Hepliaklqana.
  2082 | D:3      | Found a shadowy altar of Dithmenos.
  2247 | D:3      | Noticed Blork the orc
  2289 | D:3      | Killed from afar by Blork the orc

Levels and vault maps discovered:
D:1:      zaba_arrival_water, layout_loops_ring, minmay_statues_item
D:2:      layout_basic, cheibriados_altar_1, first_ration, uniq_jessica,
          uniq_natasha
D:3:      layout_rooms, tgw_sif, lemuel_doored_altar,
          nicolae_overflow_crystal_walls, chequers_ecumenical_altar_grove

Skill      XL: |  1  2  3  4 |
---------------+-------------+-----
Maces & Flails | 4 5 |  5.3
Fighting       | 4 |  4.4
Throwing       | 1 |  1.8
Armour         | 3 |  3.6
Dodging        | 3 |  3.2
Shields        | |  0.1

Action                   |  1- 3 |  4- 6 || total
-------------------------+-------+-------++-------
Melee: Mace              |    52 |    37 ||    89
       Headbutt          |     6 |     5 ||    11
Throw: Stone             |    71 |    50 ||   121
       Dart              |       |    15 ||    15
Invok: Berserk           |       |     3 ||     3
       Trog's Hand       |       |     3 ||     3
  Use: Scroll            |     1 |     4 ||     5
       Potion            |       |     1 ||     1
  Eat: Chunk             |     2 |     5 ||     7
Armor: Animal skin       |    11 |       ||    11
       Ring mail         |     4 |    11 ||    15
Dodge: Dodged            |    45 |    21 ||    66
Block: Large shield      |       |     3 ||     3

Table legend:
 A = Non-vault XP
 B = Vault XP
 C = Vault XP percentage of total XP
 D = Non-vault monster count
 E = Vault monster count
 F = Vault count percentage of total count
                 A         B        C        D         E       F
            +---------+---------+-------+---------+---------+-------
      Total |     216 |      74 |  25.5 |      46 |       2 |   4.2
            +---------+---------+-------+---------+---------+-------
        D:1 |      43 |       0 |   0.0 |      23 |       0 |   0.0
        D:2 |     144 |      74 |  33.9 |      14 |       2 |  12.5
        D:3 |      29 |       0 |   0.0 |       9 |       0 |   0.0
            +---------+---------+-------+---------+---------+-------
